 Dungeon Crawl Stone Soup version 0.31-a0-271-gb88eb75e06 (webtiles) character file.

Game seed: 14504165152849666542

415 senseless the Sneak (level 6, -3/28 HPs)
             Began as a Felid Shapeshifter on July 14, 2023.
             Was an Initiate of Dithmenos.
             Killed from afar by Ijyb (20 damage)
             ... with a bolt of acid
             ... on level 5 of the Dungeon.
             The game lasted 00:08:01 (2986 turns).

senseless the Sneak (Felid Shapeshifter)            Turns: 2986, Time: 00:08:02

Health: -3/28      AC:  2    Str: 11    XL:     6   Next: 60%
Magic:  7/7        EV: 21    Int:  9    God:    Dithmenos [......]
Gold:   129        SH:  0    Dex: 23    Spells: 5/5 levels left
                                        Lives:  0   Deaths: 1

rFire   . .          .
                       - Unarmed
rCold   . . .        (shield unavailable)
rNeg    . . .        (body armour unavailable)
rPois   .            (helmet unavailable)
rElec   .            (cloak unavailable)
rCorr   .            (gloves unavailable)
SInv    +            (boots unavailable)
Will    .....        (no amulet)
Stlth   ++++         o - +6 ring of dexterity
HPRegen 0.24/turn    (no ring)
MPRegen 0.10/turn

%: no passive effects
@: beast-form, studying Stealth, unable to drink, quick
A: beast (slay +3), very small, claws 1, fangs 3, see invisible, speed 1, shaggy
fur 2, stealthy paws, no weapons or thrown items, no armour, multi-lived, horns
1, clumsy 1, inability to drink after injury 1
a: Begin Untransformation, Renounce Religion


You were on level 5 of the Dungeon.
You worshipped Dithmenos.
Dithmenos was noncommittal.
You were a hulking beast.
You visited 2 branches of the dungeon, and saw 6 of its levels.

You collected 129 gold pieces.

Inventory:

Hand Weapons
 j - the +8 trishula "Condemnation" {holy, anguish, *Noise Fly rN+}
   (You found it on level 3 of the Dungeon)

   rN:        It protects you from negative energy.
   Fly:       It grants you flight.
   *Noise:    It may make noises in combat.
Jewellery
 o - a +6 ring of dexterity (left paw)
Talismans
 b - a beast talisman
Scrolls
 c - 2 scrolls of teleportation
 r - a scroll of revelation
Potions
 a - 2 potions of lignification
 e - a potion of haste
 f - 5 potions of curing
 g - a potion of might {unknown}
 h - a potion of berserk rage {unknown}
 i - a potion of brilliance {unknown}
 k - a potion of invisibility {unknown}
 l - a potion of heal wounds {unknown}
 n - a potion of degeneration {unknown}
 p - a potion of attraction


   Skills:
 + Level 3.8 Fighting
 + Level 5.0 Dodging
 * Level 6.3 Stealth
 + Level 3.7 Unarmed Combat
 + Level 4.3 Shapeshifting


You had 5 spell levels left.
You didn't know any spells.
Your spell library was empty.

Dungeon Overview and Level Annotations

Branches:
Dungeon (5/15)             Temple (1/1) D:4

Altars:
Cheibriados
Dithmenos
Elyvilon
Gozag
Hepliaklqana
Qazlal
Ru
Sif Muna
Uskayaw
Xom
Zin
The Shining One

Annotations:
D:5 Ijyb


Innate Abilities, Weirdness & Mutations

You are a hulking beast.
Your limbs bulge with bestial killing power. (Slay +3)
You have sharp claws.
You have razor-sharp teeth.
You have supernaturally acute eyesight. (SInv)
You cover ground quickly. (Speed+)
You are covered in thick fur. (AC +2)
Your paws help you pounce on unaware monsters.
You are incapable of wielding weapons or throwing items.
You cannot wear armour.
You gain extra lives every three experience levels.
You have a pair of small horns on your head.
You are clumsy. (Dex -2)
You occasionally lose the ability to drink potions when taking damage.


Message History

Done exploring.
Search for what [Enter for "."]? .
As you read the scroll of identify, it crumbles to dust.
f - 5 potions of curing
As you read the scroll of identify, it crumbles to dust.
d - a potion of mutation
As you read the scroll labelled LIL MEAFERPH, it crumbles to dust.
It is a scroll of amnesia.
You feel forgetful for a moment.
As you read the scroll labelled LOEFYRCHINYO, it crumbles to dust.
Magic quickly surges around you.
It was a scroll of vulnerability.
You drop 2 scrolls of vulnerability.
Done exploring.
There is a stone staircase leading down here.
You start waiting.
You feel your willpower return.
Really quaff the potion of mutation?
You feel extremely strange.
You occasionally lose the ability to drink potions when taking damage.
You feel clumsy. A pair of horns grows on your head!
You climb downwards.
There is a stone staircase leading up here.
There is a stone staircase leading up here.
A scorpion comes into view.
Ijyb the Twisted Goblin comes into view.
She is wielding a +0 club and carrying a wand of acid.
Ijyb shouts!
The scorpion stings you!
You claw the scorpion! You headbutt the scorpion.
You claw the scorpion, but do no damage.
The scorpion is severely wounded.
The scorpion stings you.
You claw the scorpion!
You kill the scorpion!
Dithmenos accepts your kill.
Your Dodging skill increases to level 5!
Your Stealth skill increases to level 6!
Ijyb zaps a wand.
The bolt of acid hits you!!
You feel threatened and lose the ability to drink potions!
Ouch! That really hurt!
You die...

#.....# ......#
......# #.....#
#.....# +g....#
#.....# #h....#
##.....#
+......#
+......#
+......#
#####......#
#..........#
#####..........#
#..............#


You could see Ijyb.

Vanquished Creatures
  An ice beast (D:3)
  An ogre (D:4)
  A scorpion (D:5)
  A hound (D:3)
  An iguana (D:4)
  Natasha (thrice) (D:2)
  3 gnolls (D:3)
  4 adders
  An ufetubus (D:4)
  A worm (D:2)
  5 dart slugs
  7 orcs
  3 ball pythons
  3 endoplasms
  2 giant cockroaches
  5 hobgoblins
  3 kobolds
  A quokka (D:1)
  2 bats (D:2)
  6 frilled lizards
  4 goblins
  2 rats (D:2)
60 creatures vanquished.

Notes
Turn   | Place    | Note
-------+----------+-------------------------------------------
     0 | D:1      | senseless the Felid Shapeshifter began the quest for the
                  | Orb.
     0 | D:1      | Reached XP level 1. HP: 9/9 MP: 2/2
   279 | D:1      | Reached XP level 2. HP: 7/13 MP: 3/3
   982 | D:2      | Reached XP level 3. HP: 12/16 MP: 4/4
  1172 | D:2      | Noticed Natasha
  1180 | D:2      | Killed Natasha
  1198 | D:2      | Noticed Natasha
  1205 | D:2      | Killed Natasha
  1206 | D:2      | Reached XP level 4. HP: 6/20 MP: 5/5
  1426 | D:2      | Noticed Natasha
  1435 | D:2      | Killed Natasha
  1561 | D:2      | Identified a scroll of acquirement
  1561 | D:2      | Acquired a manual of Stealth
  1708 | D:3      | Reached skill level 1 in Stealth
  1708 | D:3      | Reached XP level 5. HP: 18/24 MP: 6/6
  1724 | D:3      | Reached skill level 2 in Stealth
  1969 | D:3      | Found the +8 trishula "Condemnation" {holy, anguish, *Noise
                  | Fly rN+}
  2014 | D:3      | Slain by a gnoll
  2015 | D:3      | Reached XP level 4. HP: -3/21 MP: 5/5
  2107 | D:3      | Noticed an ice beast
  2129 | D:3      | Reached skill level 3 in Stealth
  2137 | D:3      | Killed an ice beast
  2138 | D:3      | Reached skill level 4 in Stealth
  2138 | D:3      | Reached XP level 5. HP: 6/24 MP: 6/6
  2447 | D:4      | Found a staircase to the Ecumenical Temple.
  2471 | Temple   | Entered the Ecumenical Temple
  2516 | Temple   | Became a worshipper of Dithmenos the Shadowed
  2538 | D:4      | Noticed an ogre
  2552 | D:4      | Killed an ogre
  2553 | D:4      | Reached skill level 5 in Stealth
  2553 | D:4      | Gained mutation: You are covered in thick fur. (AC +2)
                  | [Felid growth]
  2553 | D:4      | Reached XP level 6. HP: 28/28 MP: 7/7
  2961 | D:4      | Gained mutation: You occasionally lose the ability to drink
                  | potions when taking damage. [potion of mutation]
  2961 | D:4      | Gained mutation: You are clumsy. (Dex -2) [potion of
                  | mutation]
  2961 | D:4      | Gained mutation: You have a pair of small horns on your
                  | head. [potion of mutation]
  2963 | D:5      | Entered Level 5 of the Dungeon
  2982 | D:5      | Noticed Ijyb
  2986 | D:5      | Reached skill level 5 in Dodging
  2986 | D:5      | Reached skill level 6 in Stealth
  2986 | D:5      | Killed from afar by Ijyb

Illustrated notes

Levels and vault maps discovered:
D:1:      psy_arrival_radial02, layout_loops_ring, hex_large,
          due_unseen_surprise
D:2:      layout_basic, corner_web_ring, uniq_natasha
D:3:      layout_loops_ring, chequers_serial_rivers_small_3
D:4:      layout_cave_pools, minmay_temple_entry_trees
D:5:      layout_gridville, lemuel_round_altar, kennysheep_cross_bottleneck,
          minivault_23, uniq_edmund, uniq_ijyb, uniq_sigmund, uniq_blork_the_orc
Temple:   mainiacjoe_temple_coin_purse

Skill      XL: |  1  2  3  4  5  6 |
---------------+-------------------+-----
Dodging        | 3 4 5 |  5.0
Fighting       | 3 |  3.8
Unarmed Combat | 3 |  3.7
Stealth        | 4 5 6 |  6.3
Shapeshifting  | 4 |  4.3

Action                     |  1- 3 |  4- 6 || total
---------------------------+-------+-------++-------
  Melee: Unarmed           |    65 |    89 ||   154
         Bite              |    10 |     9 ||    19
         Punch             |     1 |     4 ||     5
         Headbutt          |       |     1 ||     1
    Use: Potion            |     1 |     1 ||     2
         Scroll            |       |    13 ||    13
   Stab: Sleeping          |     3 |    10 ||    13
         Distracted        |       |     1 ||     1
 Armour: Skin              |     3 |     2 ||     5
  Dodge: Dodged            |    44 |    55 ||    99

Table legend: (Time is in decaauts)
 A = Elapsed time spent in this place.
 B = Non-inter-level travel time spent in this place.
 C = Inter-level travel time spent in this place.
 D = Time resting spent in this place.
 E = Time spent auto-exploring this place.
 F = Levels seen in this place.
 G = Mean time per level.
                   A        B        C        D        E       F      G
               +--------+--------+--------+--------+--------+-----+--------+
         Total |   2536 |   2425 |    111 |    134 |   1835 |   6 |  422.7 |
       Dungeon |   2489 |   2387 |    102 |    134 |   1807 |   5 |  497.8 |
        Temple |     46 |     38 |      8 |      0 |     28 |   1 |   46.0 |
               +--------+--------+--------+--------+--------+-----+--------+

Top non-repeatable levels by time:
     D:2: 737 daAuts
     D:1: 688 daAuts
     D:3: 649 daAuts
     D:4: 396 daAuts
  Temple: 46 daAuts
     D:5: 18 daAuts
